 Dungeon Crawl Stone Soup version 0.16.2-12-gd0ad4c3 (webtiles) character file.

1094 coffeeman the Cleaver (level 8, 0/64 HPs)
             Began as a Hill Orc Fighter on Apr 18, 2016.
             Was an Initiate of Qazlal.
             Succumbed to kobold's curare-tipped needle
             ... on level 5 of the Dungeon.
             The game lasted 00:50:52 (7303 turns).

coffeeman the Cleaver (Hill Orc Fighter)            Turns: 7303, Time: 00:50:52

Health: 0/64       AC:  6    Str: 21    XL:     8   Next: 31%
Magic:  11/11      EV:  8    Int:  8    God:    Qazlal [......]
Gold:   259        SH: 11    Dex: 10    Spells: 0 memorised, 7 levels left

rFire  + . .     SeeInvis .     B - -3 blowgun (curse)
rCold  + . .     Clarity  .     b - +0 scale mail
rNeg   . . .     SustAb   .     c - +1 shield
rPois  +         Gourm    .     (no helmet)
rElec  +         Spirit   .     (no cloak)
rCorr  +         Warding  .     (no gloves)
rMut   .         Stasis   .     (no boots)
MR     .....                    (no amulet)
Stlth  ..........               (no ring)
                                (no ring)

@: lethally poisoned (0 -> -6), resistant, slowed, very slow, not resistant to
hostile enchantments, extremely unstealthy
A: no striking features
a: Renounce Religion


You were on level 5 of the Dungeon.
You worshipped Qazlal.
Qazlal was noncommittal.
You were hungry.

You visited 1 branch of the dungeon, and saw 6 of its levels.

You collected 259 gold pieces.

Inventory:

Hand weapons
 a - a +0 war axe
 h - a +0 blowgun
 l - a +1 long sword of slicing
 q - a +1 spear
 B - a cursed -3 blowgun (weapon)
Missiles
 k - 18 stones
 r - 2 throwing nets
 u - 32 poisoned needles (quivered)
Armour
 b - a +0 scale mail (worn)
 c - a +1 shield (worn)
 e - a troll hide {Purgy}
 y - a +1 leather armour of magic resistance
Magical devices
 t - a wand of flame (9)
Scrolls
 g - 9 scrolls of identify
 i - 6 scrolls of teleportation
 j - 4 scrolls of blinking
Potions
 n - 3 potions of brilliance
 p - a potion of haste
 v - 3 potions of might
Comestibles
 d - a meat ration
 o - 5 bread rations
 w - a chunk of flesh
 A - 2 royal jellies
 C - 4 fruits


   Skills:
 - Level 3.6 Fighting
 * Level 10.0 Axes
 - Level 3.2 Armour
 + Level 6.5 Shields
 + Level 2.9 Evocations


You had 7 spell levels left.
You didn't know any spells.

Dungeon Overview and Level Annotations

Branches:
Dungeon (6/15)
 Temple: D:4-7

Altars:
Qazlal
Xom

Shops:
D:5 =


Message History

You block the adder's attack.
Read which item? (? for menu, Esc to quit)
Okay, then.
Firing (i - inventory. (,) - cycle):
u - 33 poisoned needles (quivered)
Press: ? - help, Shift-Dir - straight line, f/p - adder
Aim: an adder You shoot a poisoned needle.
The poisoned needle hits the adder!
The adder is poisoned.
* * * LOW HITPOINT WARNING * * *
You feel sick. You block the adder's attack.
The adder bites you but does no damage.
You have got your breath back.
* * * LOW HITPOINT WARNING * * *
You feel sick. You block the adder's attack.
* * * LOW HITPOINT WARNING * * *
You feel sick. You block the adder's attack.
* * * LOW HITPOINT WARNING * * *
You feel sick. The adder barely misses you. You block the adder's attack.
You die...

#..........# *,#.###
#.....[[...# ****,#.#
# #..........#
*,,,,#.# #
#....>.....# *,***#.#
#####.....(....####
*,*,,#.###
#.................####
*,*,,#.#..
#....................#
*,*,,#.#.#
#.................##.#
*,,>,#.#..
#......#######S.@.'..#
***,*#.### #......#
#....########.##....
#......#
#.####......#....>..
.......#*****#.#
#.####.#######.
#......#,,,,,..#
#........(.....
(.....##,***####
#..###.......##
..#####*,*,,,,* #..#
#######.##
..#*****,*,**,***
#..########..o.
.....,,,,,,**,,,*
#(..........o..


You could see an adder.

Vanquished Creatures
  An orc warrior (D:5)
  Purgy (D:3)
  A black bear (D:4)
  An ogre (D:4)
  2 phantoms (D:4)
  3 hounds
  A giant frog skeleton (D:4)
  2 orc priests
  5 orc wizards
  Natasha (thrice) (D:3)
  2 worker ants (D:4)
  9 adders
  8 gnolls
  4 worms
  2 giant mites (D:4)
  An ooze (D:3)
  11 orcs
  8 hobgoblins
  2 jackals (D:3)
  3 quokkas
  9 bats
  6 giant cockroaches
  3 giant geckos
  3 giant newts
  13 goblins
  10 kobolds
  13 rats
127 creatures vanquished.

Vanquished Creatures (collateral kills)
  A jelly (D:5)
  A shadow imp (D:5)
2 creatures vanquished.

Vanquished Creatures (others)
  A bat skeleton (D:4)
  A giant newt (D:5)
2 creatures vanquished.

Grand Total: 131 creatures vanquished

Notes
Turn   | Place    | Note
--------------------------------------------------------------
     0 | D:1      | coffeeman, the Hill Orc Fighter, began the quest for the Orb.
     0 | D:1      | Reached XP level 1. HP: 19/19 MP: 1/1
   180 | D:1      | Reached XP level 2. HP: 21/26 MP: 2/2
   946 | D:2      | Reached skill level 4 in Axes
   946 | D:2      | Reached XP level 3. HP: 15/31 MP: 3/3
  1644 | D:2      | Reached skill level 5 in Axes
  1644 | D:2      | Reached XP level 4. HP: 30/39 MP: 4/4
  2384 | D:2      | Reached XP level 5. HP: 26/45 MP: 5/5
  2604 | D:3      | Reached skill level 6 in Axes
  2728 | D:3      | Noticed Purgy
  2762 | D:3      | Killed Purgy
  2762 | D:3      | Reached XP level 6. HP: 17/51 MP: 6/6
  2823 | D:3      | Reached skill level 7 in Axes
  2982 | D:3      | Noticed Natasha
  2989 | D:3      | Killed Natasha
  2989 | D:3      | Reached skill level 5 in Shields
  3717 | D:3      | Noticed Natasha
  3721 | D:3      | Killed Natasha
  4020 | D:3      | Reached skill level 8 in Axes
  4020 | D:3      | Reached XP level 7. HP: 35/57 MP: 7/7
  4184 | D:3      | Noticed Natasha
  4188 | D:3      | Killed Natasha
  4843 | D:4      | Reached skill level 9 in Axes
  5469 | D:4      | Reached skill level 1 in Evocations
  5792 | D:4      | Reached XP level 8. HP: 40/64 MP: 8/10
  6103 | D:4      | Noticed a fire elemental
  6105 | D:4      | Found a stormy altar of Qazlal.
  6106 | D:4      | Noticed a water elemental
  6106 | D:4      | Noticed an air elemental
  6113 | D:4      | Became a worshipper of Qazlal Stormbringer
  6423 | D:5      | Entered Level 5 of the Dungeon
  6488 | D:5      | Found a shimmering altar of Xom.
  6922 | D:5      | Found Zyof's Jewellery Shoppe.
  7242 | D:5      | Reached skill level 10 in Axes
  7298 | D:5      | HP: 3/64 [poisoned by kobold (curare-tipped needle)]
  7300 | D:5      | HP: 1/64 [poisoned by kobold (curare-tipped needle)]
  7303 | D:5      | Succumbed to kobold's curare-tipped needle

Action                   |  1- 3 |  4- 6 |  7- 9 || total
-------------------------+-------+-------+-------++-------
Melee: War axe           |   100 |   183 |   137 ||   420
       Spear             |       |    32 |       ||    32
       Blowgun           |       |       |    38 ||    38
 Fire: Blowgun           |       |       |    96 ||    96
Throw: Stone             |     5 |       |    23 ||    28
       Throwing net      |       |       |     2 ||     2
Evoke: Wand              |       |       |     3 ||     3
  Use: Potion            |       |     8 |     6 ||    14
       Scroll            |       |     3 |     7 ||    10
  Eat: Chunk             |     2 |     8 |     9 ||    19
       Beef jerky        |       |       |     1 ||     1
